 Dungeon Crawl Stone Soup version 0.29-a0-330-g52719c12eb (webtiles) character file.

Game seed: 2483874970188670236

70 kae the Firebug (level 3, -2/39 HPs)
             Began as a Demigod Fire Elementalist on Apr 21, 2022.
             Slain by an iron imp (4 damage)
             ... summoned by Natasha
             ... on level 2 of the Dungeon.
             The game lasted 00:01:31 (3182 turns).

kae the Firebug (Demigod Fire Elementalist)         Turns: 3182, Time: 00:01:32

Health: -2/39      AC:  2    Str:  9    XL:     3   Next: 76%
Magic:  2/9        EV: 12    Int: 21    God:
Gold:   27         SH:  0    Dex: 14    Spells: 3/6 levels left

rFire   . . .      SeeInvis .   m - +1 dagger (venom)
rCold   . . .      Faith    .   (no shield)
rNeg    . . .      Spirit   .   a - +0 robe
rPois   .          Reflect  .   (no helmet)
rElec   .          Harm     .   (no cloak)
rCorr   .          Rampage  .   (no gloves)
Will    .....                   (no boots)
Stlth   ..........              (no amulet)
HPRegen 0.13/turn               (no ring)
MPRegen 0.11/turn               (no ring)

@: berserking, very slightly contaminated, very quick
A: high MP 1, forlorn, divine attributes
a: no special abilities


You were on level 2 of the Dungeon.
You visited 1 branch of the dungeon, and saw 2 of its levels.

You collected 69 gold pieces.
You spent 42 gold pieces at shops.

Inventory:

Hand Weapons
 h - a +0 short sword
 m - a +1 dagger of venom (weapon)
Armour
 a - a +0 robe (worn)
Jewellery
 i - a ring of wizardry
Scrolls
 c - a scroll of magic mapping {unknown}
 g - a scroll of amnesia {unknown}
 j - a scroll of identify {unknown}
 l - a scroll of fog {unknown}
 n - a scroll of vulnerability {unknown}
 p - a scroll of immolation {unknown}
Potions
 b - a potion of magic
 d - a potion of berserk rage
 e - 2 potions of mutation {unknown}
 f - a potion of lignification
 k - a potion of brilliance {unknown}
 o - a potion of haste {unknown}


   Skills:
 - Level 1.7 Dodging
 - Level 1.7 Stealth
 + Level 2.3 Spellcasting
 + Level 1.7 Conjurations
 * Level 3.7 Fire Magic


You had 3 spell levels left.
You knew the following spells:

 Your Spells              Type           Power      Damage    Failure   Level
a - Foxfire               Conj/Fire      56%        2x1d6     4%          1
b - Scorch                Fire           36%        2d6       4%          2

Your spell library contained the following spells:

 Spells                   Type           Power      Damage    Failure   Level
 Conjure Flame            Conj/Fire      14%        6-21      14%         3
 Inner Flame              Hex/Fire       10%        N/A       21%         3
 Ignite Poison            Fire/Tmut/Pois 7%         N/A       26%         3
 Mephitic Cloud           Conj/Pois/Air  4%         N/A       32%         3
 Flame Wave               Conj/Fire      14%        2d6       41%         4
 Freezing Cloud           Conj/Ice/Air   2%         6-21      97%         5


Dungeon Overview and Level Annotations

Branches:
Dungeon (2/15)

Shops:
D:1 !

Annotations:
D:2 Natasha


Innate Abilities, Weirdness & Mutations

You have an increased reservoir of magic. (+10% MP)
You shall have no god before yourself.
Your divine heritage dramatically boosts your attributes as you level up.


Message History

Casting: Foxfire (safe; 4% risk of failure)
Confirm with . or Enter, or press ? or * to list all spells.
You miscast Foxfire.
You are very lightly contaminated with residual magic.
Nothing appears to happen.
Casting: Foxfire (safe; 4% risk of failure)
Confirm with . or Enter, or press ? or * to list all spells.
You conjure some foxfire!
The foxfire hits the iron imp.
The iron imp completely resists.
The foxfire hits the iron imp but does no damage.
Casting: Foxfire (safe; 4% risk of failure)
Confirm with . or Enter, or press ? or * to list all spells.
You miscast Foxfire.
Nothing appears to happen.
The iron imp hits you.
Casting: Foxfire (safe; 4% risk of failure)
Confirm with . or Enter, or press ? or * to list all spells.
You conjure some foxfire!
The foxfire hits the iron imp but does no damage. x2
The iron imp hits you.
Casting: Foxfire (safe; 4% risk of failure)
Confirm with . or Enter, or press ? or * to list all spells.
You conjure some foxfire!
The iron imp misses you.
The foxfire hits the iron imp.
The iron imp completely resists.
The foxfire hits the iron imp.
The iron imp completely resists.
The iron imp barely misses you.
Casting: Foxfire (safe; 4% risk of failure)
Confirm with . or Enter, or press ? or * to list all spells.
You conjure some foxfire!
The iron imp hits you.
The foxfire hits the iron imp but does no damage.
The foxfire hits the iron imp.
The iron imp completely resists.
Casting: Foxfire (safe; 4% risk of failure)
Confirm with . or Enter, or press ? or * to list all spells.
You conjure some foxfire!
The iron imp hits you!
* * * LOW HITPOINT WARNING * * *
The foxfire hits the iron imp.
The iron imp completely resists.
The foxfire hits the iron imp but does no damage.
The iron imp closely misses you.
It was a potion of berserk rage.
A red film seems to cover your vision as you go berserk!
You feel yourself moving faster!
You feel mighty! The iron imp hits you.
You die...

#.#.##.# ####...#####.#
#.#.##.# #####...####.).
#.#.##.# #..............
#.#[##.# #.###...##.....
#.#.##.#########.# #..........
#.#............#.###....P.P...
#.####................###'###.
########.ยง.......#.'...#.
.....h5@##..##.####...##
##########..##.##^'...##
#.....######## #.##### #.# #.#
#.# #.#########.#
#...........# #############


You could see an iron imp (summoned) and Natasha.

Vanquished Creatures
  A gnoll (D:2)
  A dart slug (D:2)
  7 ball pythons
  4 bats
  5 endoplasms
  3 giant cockroaches (D:1)
  3 goblins (D:2)
  8 hobgoblins
  6 jackals
  4 kobolds
  2 quokkas
  2 frilled lizards (D:1)
  2 rats
48 creatures vanquished.

Vanquished Creatures (others)
  140 foxfires
140 creatures vanquished.

Grand Total: 188 creatures vanquished

Notes
Turn   | Place    | Note
-------+----------+-------------------------------------------
     0 | D:1      | kae the Demigod Fire Elementalist began the quest for the
                  | Orb.
     0 | D:1      | Reached XP level 1. HP: 14/14 MP: 5/5
   368 | D:1      | Reached skill level 1 in Conjurations
   459 | D:1      | Reached skill level 3 in Fire Magic
   589 | D:1      | Reached XP level 2. HP: 13/20 MP: 2/7
   592 | D:1      | Learned a level 2 spell: Scorch
   732 | D:1      | Found Causaow's Distillery.
   775 | D:1      | Bought a potion of lignification for 42 gold pieces
  2168 | D:2      | Reached XP level 3. HP: 26/26 MP: 5/8
  3167 | D:2      | Noticed Natasha
  3180 | D:2      | HP: 1/26 [iron imp[Natasha] (11)]
  3182 | D:2      | Slain by an iron imp

Illustrated notes

Levels and vault maps discovered:
D:1:      evilmike_arrival_fibonacci_small, layout_basic, serial_shops,
          nicolae_diamond_shop, shapermc_ecumenical_altar_totnotflames,
          lemuel_old_faithful
D:2:      layout_loops_ring, basic_altar, cheibrodos_gnoll_hut, uniq_natasha

Skill      XL: |  1  2 |
---------------+-------+-----
Conjurations   | 1 |  1.7
Fire Magic     | 3 |  3.7
Spellcasting   | 2 |  2.3
Dodging        | |  1.7
Stealth        | |  1.7

Action                   || total
-------------------------++-------
Melee: Unarmed           ||     4
       Short sword       ||     4
       Dagger            ||     8
 Cast: Foxfire           ||    90
       Scorch            ||    13
  Use: Potion            ||     1
 Stab: Distracted        ||     1
Armor: Robe              ||     8
Dodge: Dodged            ||    34

Table legend: (Time is in decaauts)
 A = Elapsed time spent in this place.
 B = Non-inter-level travel time spent in this place.
 C = Inter-level travel time spent in this place.
 D = Time resting spent in this place.
 E = Time spent auto-exploring this place.
 F = Levels seen in this place.
 G = Mean time per level.
                   A        B        C        D        E       F      G
               +--------+--------+--------+--------+--------+-----+--------+
         Total |   3181 |   3150 |     31 |      0 |   2789 |   2 | 1590.5 |
       Dungeon |   3181 |   3150 |     31 |      0 |   2789 |   2 | 1590.5 |
               +--------+--------+--------+--------+--------+-----+--------+

Top non-repeatable levels by time:
     D:1: 2032 daAuts
     D:2: 1149 daAuts
